[Event "ICC tourney 2056 (3 2)"]
[Site "Internet Chess Club"]
[Date "2020.10.12"]
[Round "1"]
[White "danaglin"]
[Black "pescadilla"]
[Result "0-1"]
[ICCResult "White resigns"]
[WhiteElo "1181"]
[BlackElo "1765"]
[Opening "French: Tarrasch, Eliskases variation"]
[ECO "C07"]
[NIC "FR.19"]
[Time "19:02:28"]
[TimeControl "180+2"]

1. e4 e6 2. d4 d5 3. Nd2 c5 4. exd5 Qxd5 5. Ngf3 cxd4 6. Bc4 Qd8 7. Nb3 Nc6
8. Nbxd4 Bd7 9. O-O Nf6 10. Bg5 Be7 11. Re1 O-O 12. Nxc6 Bxc6 13. Qxd8 Rfxd8
14. Ne5 Be8 15. Rad1 h6 16. Bh4 Rac8 17. Bb3 Kf8 18. h3 Nd7 19. Bxe7+ Kxe7
20. Nxd7 Bxd7 21. c3 Bc6 22. Rxd8 Rxd8 23. Re2 Bb5 24. Rc2 Rd1+ 25. Kh2 Bd3
{White resigns}
0-1

[Event "ICC tourney 2056 (3 2)"]
[Site "Internet Chess Club"]
[Date "2020.10.12"]
[Round "1"]
[White "wildrumpus"]
[Black "Maniac234"]
[Result "0-1"]
[ICCResult "White checkmated"]
[WhiteElo "1345"]
[BlackElo "1516"]
[Opening "Queen's pawn game"]
[ECO "D00"]
[NIC "QP.08"]
[Time "19:02:31"]
[TimeControl "180+2"]

1. d4 d5 2. e3 c6 3. Bd3 Nf6 4. Nd2 g6 5. Ngf3 Bg7 6. O-O O-O 7. b3 Nbd7 8.
Bb2 Re8 9. Ne5 Nxe5 10. dxe5 Ng4 11. Nf3 Qc7 12. h3 Nxe5 13. Nxe5 Bxe5 14.
Bxe5 Qxe5 15. c4 dxc4 16. Bxc4 Qg5 17. Kh1 b5 18. Be2 Qd5 19. Qc1 Bb7 20.
Rd1 Qe6 21. Qc3 c5 22. Rd2 Qxh3+ 23. Kg1 Qxg2# {White checkmated} 0-1

[Event "ICC tourney 2056 (3 2)"]
[Site "Internet Chess Club"]
[Date "2020.10.12"]
[Round "1"]
[White "BillietheKid"]
[Black "javasri"]
[Result "0-1"]
[ICCResult "White forfeits on time"]
[WhiteElo "1413"]
[BlackElo "1631"]
[Opening "French: advance, Paulsen attack"]
[ECO "C02"]
[NIC "FR.03"]
[Time "19:02:36"]
[TimeControl "180+2"]

1. e4 e6 2. d4 d5 3. e5 c5 4. c3 Nc6 5. Nf3 Qb6 6. Be2 Nge7 7. O-O cxd4 8.
cxd4 Nf5 9. Nc3 Nfxd4 10. Nxd4 Qxd4 11. Qb3 Qxe5 12. Re1 Bd6 13. g3 Qf6 14.
Bf1 O-O 15. Nb5 Bb8 16. Be3 a6 17. Nc3 d4 18. Ne4 Qg6 19. Bd2 Ne5 20. Nc5 b6
21. Nd3 Nf3+ {White forfeits on time} 0-1

[Event "ICC tourney 2056 (3 2)"]
[Site "Internet Chess Club"]
[Date "2020.10.12"]
[Round "1"]
[White "stephenwilly"]
[Black "KingPidgenYT"]
[Result "1-0"]
[ICCResult "Black checkmated"]
[WhiteElo "1503"]
[BlackElo "1387"]
[Opening "Giuoco Pianissimo: Canal variation"]
[ECO "C50"]
[NIC "IG.02"]
[Time "19:02:34"]
[TimeControl "180+2"]

1. e4 e5 2. Nf3 Nc6 3. Bc4 Bc5 4. Nc3 Nf6 5. d3 d6 6. Bg5 O-O 7. Nd5 Bd7 8.
Nxf6+ gxf6 9. Bh6 Re8 10. Nh4 f5 11. Nxf5 Bxf5 12. exf5 Qf6 13. Qh5 Nd4 14.
O-O-O a6 15. g4 c6 16. Bg5 Qg7 17. h4 Ne2+ 18. Kd2 Nd4 19. Bh6 Qh8 20. Qg5+
Qg7 21. Qxg7# {Black checkmated} 1-0

[Event "ICC tourney 2056 (3 2)"]
[Site "Internet Chess Club"]
[Date "2020.10.12"]
[Round "1"]
[White "steinutz"]
[Black "oxdidi"]
[Result "1-0"]
[ICCResult "Black resigns"]
[WhiteElo "1501"]
[BlackElo "1129"]
[Opening "Trompowsky attack (Ruth, Opocenský opening)"]
[ECO "A45"]
[NIC "QP.07"]
[Time "19:02:30"]
[TimeControl "180+2"]

1. d4 Nf6 2. Bg5 g6 3. e3 Bg7 4. Bd3 d6 5. Nc3 O-O 6. h3 Nbd7 7. Nf3 b6 8.
Qe2 Bb7 9. O-O-O e5 10. e4 Re8 11. d5 c6 12. dxc6 Bxc6 13. Kb1 Qc7 14. Bb5
a6 15. Bxa6 Qa7 16. Bb5 Bxb5 17. Qxb5 Rec8 18. a3 Qc7 19. Rd2 Qa7 20. Rxd6
Qc7 21. Rd2 Ra5 22. Qe2 Rca8 23. Rhd1 Nc5 24. Bxf6 Bxf6 25. Nd5 Qc6 26.
Nxf6+ Qxf6 27. Rd6 Qg7 28. Rd8+ Rxd8 29. Rxd8+ Qf8 30. Rxf8+ Kxf8 31. Nxe5
f6 32. Nc6 Kg7 33. Nxa5 bxa5 34. Qb5 Nxe4 35. Qb7+ Kh6 36. Qxe4 f5
{Black resigns}
1-0

[Event "ICC tourney 2056 (3 2)"]
[Site "Internet Chess Club"]
[Date "2020.10.12"]
[Round "1"]
[White "Laxman90"]
[Black "Knightboy123"]
[Result "0-1"]
[ICCResult "White forfeits on time"]
[WhiteElo "1514"]
[BlackElo "1320"]
[Opening "QGD: 4.Nf3"]
[ECO "D37"]
[NIC "QO.16"]
[Time "19:02:25"]
[TimeControl "180+2"]

1. d4 Nf6 2. c4 e6 3. Nc3 d5 4. Nf3 b6 5. cxd5 exd5 6. g3 Bb7 7. Bg2 Nbd7 8.
O-O Be7 9. Ne5 c6 10. f4 O-O 11. Qb3 b5 12. Rd1 Qc7 13. Be3 a5 14. Rac1 a4
15. Nxd5 axb3 16. Nxc7 Rxa2 17. Nxc6 Bxc6 18. Bxc6 Bd6 19. Nxb5 Bb4 20. Bxd7
Nxd7 {White forfeits on time} 0-1

[Event "ICC tourney 2056 (3 2)"]
[Site "Internet Chess Club"]
[Date "2020.10.12"]
[Round "1"]
[White "lucachesschess"]
[Black "hackerguru"]
[Result "0-1"]
[ICCResult "White checkmated"]
[WhiteElo "1281"]
[BlackElo "1442"]
[Opening "Bogo-Indian defense"]
[ECO "E11"]
[NIC "QI.01"]
[Time "19:02:23"]
[TimeControl "180+2"]

1. d4 Nf6 2. c4 e6 3. Nf3 Bb4+ 4. Bd2 a5 5. a3 Bxd2+ 6. Nbxd2 d6 7. e4 Nbd7
8. Bd3 e5 9. d5 a4 10. O-O Nc5 11. Bc2 Bd7 12. Qe2 O-O 13. Rac1 Rb8 14. b4
axb3 15. Nxb3 Nfxe4 16. Bxe4 Nxb3 17. Rb1 Nc5 18. Bc2 f5 19. Nd2 Qg5 20. f4
Qf6 21. fxe5 Qxe5 22. Qxe5 dxe5 23. Rf2 e4 24. Nb3 b6 25. Nxc5 bxc5 26. Rbf1
g6 27. g4 e3 28. Re2 f4 29. h3 Rbe8 30. Rf3 g5 31. Kg2 Ra8 32. a4 Bxa4 33.
Bxa4 Rxa4 34. Rc2 Re8 35. Kf1 Ra1+ 36. Ke2 Rh1 37. Kd3 Ra8 38. Rc3 Rd1+ 39.
Ke2 Rd2+ 40. Ke1 Ra1+ 41. Rc1 Rxc1# {White checkmated} 0-1

[Event "ICC tourney 2056 (3 2)"]
[Site "Internet Chess Club"]
[Date "2020.10.12"]
[Round "1"]
[White "clydedrexler22"]
[Black "blackjack721"]
[Result "1-0"]
[ICCResult "Black checkmated"]
[WhiteElo "1528"]
[BlackElo "1321"]
[Opening "Queen's pawn, Mason variation"]
[ECO "D00"]
[NIC "QP.08"]
[Time "19:02:22"]
[TimeControl "180+2"]

1. d4 d5 2. Bf4 Nf6 3. e3 Bf5 4. c4 e6 5. Nc3 Bb4 6. Qb3 Nc6 7. a3 Bxc3+ 8.
bxc3 O-O 9. Qxb7 Na5 10. Qa6 Nb3 11. Rd1 Bc2 12. Be2 Bxd1 13. Bxd1 Ne4 14.
Bxb3 Nxc3 15. cxd5 exd5 16. Ne2 Ne4 17. O-O g5 18. Be5 f6 19. Bg3 Nd2 20.
Qd3 Nxb3 21. Qxb3 Rb8 22. Qc3 Rb7 23. h4 h6 24. hxg5 fxg5 25. Qc6 Rf6 26.
Qxb7 h5 27. Be5 Rg6 28. Qxc7 Qe8 29. Qxa7 g4 30. Qc5 h4 31. Qxd5+ Kh7 32.
Qe4 Kh6 33. Nf4 Rg5 34. Rc1 Rxe5 35. Qxe5 Qxe5 36. dxe5 Kg5 37. f3 h3 38.
Rc6 gxf3 39. gxf3 Kh4 40. Kh2 Kg5 41. Rg6+ Kf5 42. Rf6+ Kg5 43. a4 Kh4 44.
a5 Kg5 45. a6 Kh4 46. a7 Kg5 47. a8=Q Kh4 48. Qh8+ Kg5 49. Qh5#
{Black checkmated}
1-0

[Event "ICC tourney 2056 (3 2)"]
[Site "Internet Chess Club"]
[Date "2020.10.12"]
[Round "1"]
[White "Jett503"]
[Black "ekanshmehrotra"]
[Result "0-1"]
[ICCResult "White resigns"]
[WhiteElo "1285"]
[BlackElo "1454"]
[Opening "Four knights: Italian variation"]
[ECO "C55"]
[NIC "IG.01"]
[Time "19:02:40"]
[TimeControl "180+2"]

1. e4 e5 2. Nf3 Nc6 3. Bc4 Nf6 4. Nc3 Nxe4 5. Nxe4 d5 6. Bxd5 Qxd5 7. d3 Be7
8. O-O O-O 9. c4 Qd8 10. a3 Bg4 11. h3 Bxf3 12. Qxf3 Nd4 13. Qd1 f5 14. Nc3
f4 15. f3 Bc5 16. Kh1 a5 17. Ne2 Nf5 18. Bd2 Qxd3 19. Rc1 Qxe2 20. Kh2 Ng3
21. Re1 Qxd1 22. Rcxd1 Bd4 23. b3 c5 24. h4 b6 25. Kh3 h5 26. b4 axb4 27.
axb4 Ra2 28. Bc1 Rfa8 29. bxc5 bxc5 30. Rd3 Rc2 31. Rb3 Raa2 32. Rg1 Bxg1
33. Rb8+ Kh7 {White resigns} 0-1

[Event "ICC tourney 2056 (3 2)"]
[Site "Internet Chess Club"]
[Date "2020.10.12"]
[Round "1"]
[White "garfield92037"]
[Black "Rook99"]
[Result "1-0"]
[ICCResult "Black resigns"]
[WhiteElo "1488"]
[BlackElo "1309"]
[Opening "Sicilian: Hungarian variation"]
[ECO "B27"]
[NIC "SI.43"]
[Time "19:02:41"]
[TimeControl "180+2"]

1. e4 c5 2. Nf3 g6 3. d4 cxd4 4. Qxd4 Nf6 5. Nc3 Nc6 6. Qd3 Bg7 7. Bg5 O-O
8. Be2 d6 9. O-O h6 10. Be3 Bd7 11. Qd2 Kh7 12. Rad1 Ng4 13. Bf4 a6 14. h3
Nge5 15. Nd5 Nxf3+ 16. Bxf3 Ne5 17. Be2 g5 18. Be3 Bb5 19. b3 Bxe2 20. Qxe2
e6 21. Nb4 a5 22. Nd3 Nxd3 23. Qxd3 Kg8 24. c4 Be5 25. Bd4 Qc7 26. Rd2 Rfd8
27. Rfd1 Rd7 28. Bxe5 dxe5 29. Qxd7 Qxd7 30. Rxd7 {Black resigns} 1-0

[Event "ICC tourney 2056 (3 2)"]
[Site "Internet Chess Club"]
[Date "2020.10.12"]
[Round "1"]
[White "liuchess"]
[Black "chessrex"]
[Result "0-1"]
[ICCResult "White resigns"]
[WhiteElo "1438"]
[BlackElo "1911"]
[Opening "Philidor: López counter-gambit"]
[ECO "C41"]
[NIC "KP.10"]
[Time "19:02:31"]
[TimeControl "180+2"]

1. e4 e5 2. Nf3 d6 3. Bc4 f5 4. d3 c6 5. Nc3 f4 6. Bd2 Qf6 7. Qe2 Be6 8.
Bxe6 Qxe6 9. Ng5 Qf6 10. Nf3 Nd7 11. h3 O-O-O 12. O-O-O g5 13. a3 h5 14. Kb1
Nh6 15. g3 Bg7 16. Rdg1 Rhf8 17. g4 h4 18. Rd1 Nf7 19. Nh2 Qe6 20. f3 Nb6
21. Be1 d5 22. Bf2 d4 23. Na2 c5 24. Qd2 Kb8 25. Qa5 Rc8 26. Rc1 Nd8 27. Qd2
c4 28. dxc4 Nxc4 29. Qd3 Ne3 30. Nb4 Nc6 31. Nxc6+ Rxc6 32. Nf1 Rfc8 33.
Nxe3 fxe3 34. Be1 Rf8 35. Qe2 Qf6 36. Rf1 Rc7 37. Bb4 Rff7 38. c3 Qe6 39.
cxd4 exd4 40. Rxc7 Rxc7 41. Qd3 Be5 42. Rd1 b6 43. a4 a5 44. Ba3 Kb7 45. Qb5
Bf4 46. Qd5+ Qxd5 47. exd5 e2 48. Re1 d3 49. d6 d2 50. dxc7 dxe1=Q+ 51. Ka2
Qc1 52. b4 Qc2+ {White resigns} 0-1

[Event "ICC tourney 2056 (3 2)"]
[Site "Internet Chess Club"]
[Date "2020.10.12"]
[Round "1"]
[White "cjcardoso"]
[Black "BreatheChessAls"]
[Result "0-1"]
[ICCResult "White resigns"]
[WhiteElo "1449"]
[BlackElo "1612"]
[Opening "Sicilian: Nimzovich-Rossolimo attack (with ...g6, without ...d6)"]
[ECO "B31"]
[NIC "SI.31"]
[Time "19:02:23"]
[TimeControl "180+2"]

1. e4 c5 2. Nf3 Nc6 3. Bb5 g6 4. Bxc6 bxc6 5. e5 Bg7 6. O-O d6 7. exd6 exd6
8. Re1+ Ne7 9. d3 O-O 10. h3 Nf5 11. Nc3 Be6 12. Ng5 Bd7 13. Nge4 Be5 14.
Bg5 Qc7 15. Nf6+ Bxf6 16. Bxf6 d5 17. Qd2 Qd6 18. Be5 Qe7 19. Bf4 Qd8 20.
Na4 Qh4 21. Nxc5 Bc8 22. Bg5 Qh5 23. Bf4 Nd4 24. Bg3 Bxh3 25. gxh3 Nf3+ 26.
Kg2 Nxd2 27. Nd7 Qf3+ 28. Kh2 Rfd8 29. Re3 Qh5 30. Nf6+ Kg7 31. Nxh5+ gxh5
32. Be5+ f6 33. Rg3+ Kf7 34. Bc3 Ne4 35. dxe4 dxe4 36. Rag1 Ke6 37. Rg4 hxg4
38. hxg4 Rg8 39. Kg3 f5 40. Kf4 Rxg4+ 41. Rxg4 fxg4 42. Kxg4 Rf8 43. Kg3
Rf3+ 44. Kg2 h5 45. a3 Kf5 46. Bd4 a6 47. Be3 Kg4 48. b4 Rf8 49. c4 Rd8 50.
b5 axb5 51. cxb5 cxb5 52. Bc5 Rc8 53. Bb4 h4 54. Be7 h3+ 55. Kh2 Rc2 56. Kg1
Kf3 57. Bh4 h2+ 58. Kxh2 e3 59. Kg1 e2 {White resigns} 0-1

[Event "ICC tourney 2056 (3 2)"]
[Site "Internet Chess Club"]
[Date "2020.10.12"]
[Round "1"]
[White "maddieweber789"]
[Black "Kinawa"]
[Result "1-0"]
[ICCResult "Black forfeits on time"]
[WhiteElo "1575"]
[BlackElo "1508"]
[Opening "Budapest defense declined"]
[ECO "A51"]
[NIC "QG.01"]
[Time "19:02:23"]
[TimeControl "180+2"]

1. d4 Nf6 2. c4 e5 3. d5 Bc5 4. e3 d6 5. Nc3 O-O 6. Bd3 a6 7. Nge2 Bg4 8. f3
Bh5 9. O-O Bg6 10. Ng3 Bxd3 11. Qxd3 Nbd7 12. Bd2 Re8 13. Kh1 Ba7 14. b4 a5
15. a3 axb4 16. axb4 Bb6 17. Rfd1 Rxa1 18. Rxa1 h6 19. Nd1 Nh7 20. Nf2 Ndf6
21. Nh3 Qd7 22. Ne2 Nf8 23. Nc3 Ng6 24. Nb5 Nh5 25. Na3 f5 26. Nc2 e4 27.
fxe4 fxe4 28. Qe2 Nf6 29. Bc3 Rf8 30. Rf1 Qe7 31. Nf4 {Black forfeits on
time} 1-0

[Event "ICC tourney 2056 (3 2)"]
[Site "Internet Chess Club"]
[Date "2020.10.12"]
[Round "1"]
[White "yogokings12"]
[Black "MagnumPI"]
[Result "1-0"]
[ICCResult "Black resigns"]
[WhiteElo "1518"]
[BlackElo "1296"]
[Opening "Sicilian: Marshall variation"]
[ECO "B41"]
[NIC "SI.43"]
[Time "19:02:23"]
[TimeControl "180+2"]

1. e4 c5 2. Nf3 e6 3. d4 d5 4. Nc3 c4 5. exd5 exd5 6. b3 cxb3 7. axb3 Nf6 8.
Bb5+ Bd7 9. Qe2+ Be7 10. O-O O-O 11. Bxd7 Nbxd7 12. Bg5 a6 13. Rfe1 Re8 14.
Qd3 h6 15. Bh4 Rc8 16. Ne2 Ne4 17. Bxe7 Rxe7 18. Ng3 Rc3 19. Qd1 Qc7 20. Rc1
Ndf6 21. Ne5 Nd7 22. Nxd7 Qxd7 23. Nxe4 dxe4 24. Qd2 Rc7 25. c4 Qf5 26. d5
Re5 27. Rcd1 Rd7 28. Qd4 Qf4 29. Qe3 Qg4 30. Qg3 Qxg3 31. hxg3 f5 32. Rd4 g5
33. Kf1 Rd6 34. Re3 Kg7 35. f3 Kf6 36. fxe4 fxe4 37. Rdxe4 Rf5+ 38. Ke2 h5
39. Re6+ Rxe6 40. Rxe6+ Kf7 41. Rb6 Re5+ 42. Kd3 Re7 43. b4 h4 44. gxh4 gxh4
45. Rh6 b5 46. Rh7+ Ke8 47. Rxe7+ Kxe7 48. c5 Kd7 49. Kd4 Kc7 50. Ke5 Kd7
51. d6 a5 52. bxa5 b4 53. Kd4 b3 54. Kc3 Kc6 55. Kxb3 {Black resigns} 1-0

[Event "ICC tourney 2056 (3 2)"]
[Site "Internet Chess Club"]
[Date "2020.10.12"]
[Round "1"]
[White "HemingLiu"]
[Black "chief2006"]
[Result "0-1"]
[ICCResult "White forfeits on time"]
[WhiteElo "1233"]
[BlackElo "1297"]
[Opening "Scotch: Mieses variation"]
[ECO "C45"]
[NIC "SO.04"]
[Time "19:02:26"]
[TimeControl "180+2"]

1. e4 e5 2. Nf3 Nc6 3. d4 exd4 4. Nxd4 Nf6 5. Nxc6 bxc6 6. e5 Nd5 7. Bc4 Nb6
8. Bb3 Be7 9. O-O O-O 10. Nc3 d6 11. Bf4 d5 12. Qd2 Be6 13. Rad1 Nd7 14.
Rfe1 Nc5 15. Qd4 Nxb3 16. axb3 c5 17. Qd3 d4 18. Ne4 Bf5 19. Qg3 Qd5 20. f3
Kh8 21. c4 Qd7 22. Kh1 Rab8 23. Rd3 f6 24. exf6 Bxf6 25. Nxc5 Qc6
{White forfeits on time}
0-1

[Event "ICC tourney 2056 (3 2)"]
[Site "Internet Chess Club"]
[Date "2020.10.12"]
[Round "1"]
[White "Alec-hine"]
[Black "gbassman77"]
[Result "1-0"]
[ICCResult "Black resigns"]
[WhiteElo "1678"]
[BlackElo "1363"]
[Opening "QGD Slav: exchange variation"]
[ECO "D13"]
[NIC "SL.02"]
[Time "19:02:31"]
[TimeControl "180+2"]

1. d4 d5 2. c4 c6 3. cxd5 cxd5 4. Nf3 Nf6 5. Nc3 Bf5 6. Qb3 b6 7. Bf4 e6 8.
e3 Bd6 9. Bb5+ Ke7 10. Bxd6+ Qxd6 11. O-O Nbd7 12. Bxd7 Nxd7 13. Nb5 Qb8 14.
Qb4+ Kf6 15. Rac1 Rc8 16. Nd6 Rxc1 17. Rxc1 a5 18. Qa3 g6 19. Nxf5 gxf5 20.
Qc3 Qd6 21. Qc7 Ke7 22. Ne5 f6 23. Nxd7 Qxd7 24. Qxb6 Rc8 25. Rc5 a4 26. h3
Rxc5 27. dxc5 d4 28. c6 Qc8 29. Qb7+ Qxb7 30. cxb7 d3 31. b8=Q d2 32. Qc7+
Kf8 33. Qc2 {Black resigns} 1-0

[Event "ICC tourney 2056 (3 2)"]
[Site "Internet Chess Club"]
[Date "2020.10.12"]
[Round "1"]
[White "PearsonH"]
[Black "ChessMonkey123"]
[Result "1-0"]
[ICCResult "Black forfeits on time"]
[WhiteElo "1441"]
[BlackElo "1333"]
[Opening "Queen's pawn: London system"]
[ECO "A45"]
[NIC "QP.07"]
[Time "19:02:26"]
[TimeControl "180+2"]

1. d4 Nf6 2. Bf4 e6 3. e3 d5 4. c3 c5 5. Nd2 Nc6 6. Bd3 c4 7. Bc2 b5 8. e4
a5 9. e5 Nd7 10. Ne2 b4 11. Bg3 Bb7 12. O-O a4 13. a3 b3 14. Bb1 h6 15. f4
g6 16. Nf3 Bg7 17. Bh4 Qb6 18. g4 h5 19. h3 hxg4 20. hxg4 f6 21. Bxg6+ Ke7
22. Rf2 Kf8 23. Qf1 fxe5 24. fxe5 Kg8 25. Bg3 Rh6 26. Nf4 Ne7 27. Bb1
{Black forfeits on time}
1-0

[Event "ICC tourney 2056 (3 2)"]
[Site "Internet Chess Club"]
[Date "2020.10.12"]
[Round "1"]
[White "Tombstone"]
[Black "pika0008"]
[Result "1-0"]
[ICCResult "Black resigns"]
[WhiteElo "1676"]
[BlackElo "1319"]
[Opening "QGD Slav: 3.Nf3"]
[ECO "D11"]
[NIC "SL.01"]
[Time "19:02:23"]
[TimeControl "180+2"]

1. d4 d5 2. c4 c6 3. Nf3 Nf6 4. g3 dxc4 5. Bg2 Bf5 6. Ne5 e6 7. O-O Nbd7 8.
Nxc4 Nb6 9. Nxb6 Qxb6 10. Nc3 Be7 11. e4 Bg6 12. Be3 Qxb2 13. Na4 Qb5 14.
Rb1 Qa6 15. Nc3 O-O 16. f4 Rfd8 17. h3 h6 18. Re1 b5 19. Qc2 Rac8 20. a4 b4
21. Na2 Rb8 22. Nc1 Rdc8 23. f5 exf5 24. exf5 Bh7 25. Bf4 Rb6 26. Rxe7 Nd5
27. Re1 Nxf4 28. gxf4 Qa5 29. d5 c5 30. Ra1 Rf6 31. Nb3 Qb6 32. a5 Qb5 33.
Nd4 Qd7 34. Nc6 Re8 35. Qxc5 Bxf5 36. Ne7+ Kh7 37. Nxf5 Rxe1+ 38. Rxe1 Qxf5
39. Be4 {Black resigns} 1-0

[Event "ICC tourney 2056 (3 2)"]
[Site "Internet Chess Club"]
[Date "2020.10.12"]
[Round "1"]
[White "drabmolc"]
[Black "StevChess01"]
[Result "1/2-1/2"]
[ICCResult "Game drawn because neither player has mating material"]
[WhiteElo "1470"]
[BlackElo "1350"]
[Opening "Queen's pawn game"]
[ECO "A45"]
[NIC "QP.07"]
[Time "19:02:24"]
[TimeControl "180+2"]

1. d4 Nf6 2. e3 d5 3. f4 Bg4 4. Nf3 e6 5. c3 c5 6. Bd3 Nc6 7. O-O Be7 8.
Nbd2 Bh5 9. Qe1 Bg6 10. Qe2 Bxd3 11. Qxd3 O-O 12. Ne5 Nxe5 13. fxe5 Nd7 14.
Nf3 Qc7 15. e4 dxe4 16. Qxe4 h6 17. Qg4 Kh8 18. Qh5 Qd8 19. g3 Kh7 20. g4
cxd4 21. cxd4 f6 22. h4 fxe5 23. dxe5 Qe8 24. Qxe8 Raxe8 25. g5 hxg5 26.
Bxg5 Bxg5 27. Nxg5+ Kg6 28. Rxf8 Nxf8 29. Rf1 Rc8 30. Rf2 Rc6 31. Nf7 Nd7
32. Kg2 Rc5 33. Re2 Kf5 34. Nd6+ Kg6 35. Kg3 Rxe5 36. Rxe5 Nxe5 37. Nxb7 Nd3
38. b3 Nc1 39. Nd8 Kf6 40. Nc6 Nxa2 41. Nxa7 Nc1 42. b4 Nd3 43. b5 Nc5 44.
b6 Kf5 45. Nc8 e5 46. Nd6+ Ke6 47. b7 Nxb7 48. Nxb7 Kd5 49. Na5 Kc5 50. Nb3+
Kc4 51. Nd2+ Kd3 52. Nf1 e4 53. Kf2 Kd4 54. Ke2 Ke5 55. Ke3 Kf5 56. Nh2 g5
57. hxg5 Kxg5 58. Kxe4 {Game drawn because neither player has mating
material} 1/2-1/2

[Event "ICC tourney 2056 (3 2)"]
[Site "Internet Chess Club"]
[Date "2020.10.12"]
[Round "1"]
[White "elevinchess"]
[Black "pmchess98"]
[Result "1-0"]
[ICCResult "Black forfeits on time"]
[WhiteElo "1525"]
[BlackElo "1372"]
[Opening "Giuoco Pianissimo"]
[ECO "C55"]
[NIC "IG.01"]
[Time "19:02:33"]
[TimeControl "180+2"]

1. e4 e5 2. Nf3 Nc6 3. Bc4 Nf6 4. d3 Bc5 5. c3 h6 6. O-O O-O 7. Re1 d6 8. a4
a5 9. h3 Be6 10. Nbd2 Bxc4 11. Nxc4 Nh7 12. Be3 Bxe3 13. Nxe3 Qd7 14. Nf5
Ne7 15. Nxe7+ Qxe7 16. d4 Rad8 17. Qb3 b6 18. dxe5 dxe5 19. Rad1 Ng5 20.
Nxg5 Qxg5 21. Rxd8 Rxd8 22. Rd1 Rxd1+ 23. Qxd1 Qe7 24. Qd5 Qd6 25. c4 Kf8
26. Kf1 Ke7 27. Ke2 Qxd5 28. cxd5 Kd6 29. Kd3 c5 30. Kc4 g6 31. f3 f5 32.
Kb5 Kc7 33. Ka6 f4 34. h4 g5 35. hxg5 hxg5 36. Ka7 c4 37. Ka6
{Black forfeits on time}
1-0

[Event "ICC tourney 2056 (3 2)"]
[Site "Internet Chess Club"]
[Date "2020.10.12"]
[Round "1"]
[White "kushagra12"]
[Black "saikanth"]
[Result "0-1"]
[ICCResult "White checkmated"]
[WhiteElo "1356"]
[BlackElo "1520"]
[Opening "Caro-Kann: Panov-Botvinnik attack"]
[ECO "B13"]
[NIC "CK.03"]
[Time "19:02:26"]
[TimeControl "180+2"]

1. e4 c6 2. d4 d5 3. exd5 cxd5 4. c4 Nf6 5. Nc3 Nc6 6. Nf3 e6 7. cxd5 exd5
8. Be2 Be7 9. O-O O-O 10. Bg5 h6 11. Bh4 Be6 12. Re1 Ne4 13. Bxe7 Qxe7 14.
Bd3 f5 15. Ne5 Nxe5 16. dxe5 Rad8 17. f3 Nxc3 18. bxc3 Qc5+ 19. Kh1 Qxc3 20.
Rc1 Qa5 21. Ra1 a6 22. Bc2 Qc5 23. Bb3 Rc8 24. Rc1 Qa5 25. Rxc8 Rxc8 26. h3
Kf7 27. Re2 Qa3 28. Rc2 Rxc2 29. Qxc2 Qe7 30. Qd2 Qd7 31. Kh2 d4 32. Bxe6+
Kxe6 33. f4 Qd5 34. Kg3 Qc4 35. Qf2 Qc3+ 36. Kh4 g5+ 37. fxg5 hxg5+ 38. Kxg5
Qe3+ 39. Qxe3 dxe3 40. Kf4 e2 41. h4 e1=Q 42. h5 Qe4+ 43. Kg3 Qxe5+ 44. Kh4
Qf4+ 45. Kh3 Qg4+ 46. Kh2 Qxh5+ 47. Kg1 Qg4 48. Kf2 f4 49. Kg1 f3 50. Kf2
Qxg2+ 51. Ke3 Qe2+ 52. Kd4 f2 53. Kc3 f1=Q 54. Kb4 Qf4+ 55. Kc5 Qb5#
{White checkmated}
0-1

[Event "ICC tourney 2056 (3 2)"]
[Site "Internet Chess Club"]
[Date "2020.10.12"]
[Round "1"]
[White "Atomic-Player"]
[Black "pawnsacrifice5"]
[Result "0-1"]
[ICCResult "White resigns"]
[WhiteElo "1473"]
[BlackElo "2016"]
[Opening "Caro-Kann: Panov-Botvinnik attack"]
[ECO "B13"]
[NIC "CK.03"]
[Time "19:02:29"]
[TimeControl "180+2"]

1. e4 c6 2. d4 d5 3. exd5 cxd5 4. c4 Nf6 5. Nc3 Nc6 6. Nf3 e6 7. Be2 dxc4 8.
Bxc4 Be7 9. O-O O-O 10. Re1 Na5 11. Bd3 b6 12. Ne4 Bb7 13. Nxf6+ Bxf6 14.
Be4 Bd5 15. Bf4 Bxe4 16. Rxe4 Qd5 17. Re1 Rfd8 18. Be5 Bxe5 19. dxe5 Qb5 20.
Qe2 Qa4 21. b3 Qf4 22. Rad1 h6 23. h3 Qb4 24. Qe4 Qxe4 25. Rxd8+ Rxd8 26.
Rxe4 Kf8 27. Rd4 Rc8 28. Rd7 Nc6 29. a3 Ke8 30. Rd3 Ke7 31. Nd2 Nxe5 32. Re3
Rc1+ 33. Kh2 Nc6 34. Kg3 g5 35. Nc4 Nd4 36. Rd3 Ne2+ 37. Kf3 Nf4 38. Re3 Nd5
39. Rd3 b5 40. Na5 Rc7 41. g3 h5 42. Ke2 Kf6 43. Kd2 Ke5 44. f3 h4 45. gxh4
gxh4 46. b4 Nf4 47. Re3+ Kf5 48. Nb3 e5 49. Re4 Rd7+ 50. Ke1 Rd3 51. Nc5
Rxf3 52. Nd7 Rf1+ 53. Kxf1 Kxe4 54. Nc5+ Kf3 55. Kg1 Nxh3+ 56. Kh2 Nf4 57.
Nd7 Nd3 58. Nb8 e4 59. Kg1 e3 {White resigns} 0-1

[Event "ICC tourney 2056 (3 2)"]
[Site "Internet Chess Club"]
[Date "2020.10.12"]
[Round "1"]
[White "shanmukha123"]
[Black "Vidipkona"]
[Result "0-1"]
[ICCResult "White checkmated"]
[WhiteElo "1331"]
[BlackElo "1592"]
[Opening "King's Indian: London system"]
[ECO "A48"]
[NIC "QP.03"]
[Time "19:02:27"]
[TimeControl "180+2"]

1. d4 Nf6 2. Nf3 g6 3. Bf4 Bg7 4. e3 O-O 5. c4 d6 6. Nc3 Nbd7 7. h3 c5 8.
Be2 cxd4 9. exd4 b6 10. O-O Bb7 11. Re1 Rc8 12. Rc1 Re8 13. d5 a5 14. Nd4
Nc5 15. Bf3 Ba6 16. b3 Bb7 17. Ncb5 Qd7 18. Bg5 h6 19. Bf4 h5 20. Qd2 Kh7
21. Re2 Ng8 22. Rce1 Ra8 23. Nc6 a4 24. b4 Na6 25. a3 Nc7 26. Nxc7 Qxc7 27.
c5 Bxc6 28. dxc6 Red8 29. cxd6 exd6 30. b5 Ra5 31. Qd3 Be5 32. Bxe5 dxe5 33.
Qb1 f6 34. Bxh5 Ne7 35. Bf3 Kg7 36. Rd1 Nf5 37. Rxd8 Qxd8 38. Rc2 Qc7 39.
Rd2 Nd4 40. Qb4 Rxb5 41. Qc4 Rc5 42. Qxa4 Nxf3+ 43. gxf3 Qxc6 44. Rd7+ Kh6
45. Qxc6 Rxc6 46. Rd3 Kg5 47. Kg2 Kf4 48. Rb3 Rd6 49. Rb4+ Kf5 50. Kg3 Ke6
51. a4 Kd7 52. Kg4 Rd4+ 53. Rxd4+ exd4 54. f4 Kd6 55. f5 g5 56. f4 d3 57.
Kf3 d2 58. Ke2 gxf4 59. Kxd2 Ke5 60. Kc3 Kxf5 61. Kb4 f3 62. Kb5 f2 63. Kxb6
f1=Q 64. a5 Qb1+ 65. Ka7 Qb5 66. a6 Kg5 67. Ka8 Qxa6+ 68. Kb8 f5 69. Kc7 f4
70. h4+ Kxh4 71. Kb8 f3 72. Kc7 f2 73. Kb8 f1=Q 74. Kc7 Qf7+ 75. Kd8 Qa8#
{White checkmated}
0-1

[Event "ICC tourney 2056 (3 2)"]
[Site "Internet Chess Club"]
[Date "2020.10.12"]
[Round "2"]
[White "Maniac234"]
[Black "stephenwilly"]
[Result "0-1"]
[ICCResult "White resigns"]
[WhiteElo "1414"]
[BlackElo "1505"]
[Opening "Mieses opening"]
[ECO "A00"]
[NIC "VO.13"]
[Time "19:17:17"]
[TimeControl "180+2"]

1. d3 d5 2. Nd2 e5 3. c4 c6 4. cxd5 cxd5 5. e4 dxe4 6. dxe4 Bc5 7. Ngf3 Nf6
8. Bc4 O-O 9. O-O Nc6 10. a3 Bg4 11. h3 Bh5 12. Re1 Re8 13. Qc2 Rc8 14. b4
Nd4 15. Nxd4 Bxd4 16. Rb1 b5 17. Qa2 bxc4 18. Nxc4 Bg6 19. Nd2 Qb6 20. Re2
Bh5 21. g4 Nxg4 22. hxg4 Bxg4 23. Nb3 Bxe2 24. Qxe2 Red8 25. Kg2 Rd6 26. Be3
Rg6+ 27. Kf3 Qf6+ {White resigns} 0-1